 Dungeon Crawl Stone Soup version 0.30-a0-972-gf3ab3527aa (webtiles) character file.

Game seed: 10518247655744027834

55040 GloriousHammer the Brawler (level 14, -2/144 HPs)
             Began as a Troll Fighter on Mar 30, 2023.
             Was a High Priest of Wu Jian.
             Slain by a titanic slime creature (82 damage)
             ... on level 12 of the Dungeon on Apr 1, 2023.
             The game lasted 00:51:17 (22141 turns).

GloriousHammer the Brawler (Troll Fighter)         Turns: 22141, Time: 00:51:17

Health: -2/144     AC: 14    Str: 27    XL:     14   Next: 36%
Magic:  22/22      EV: 15    Int:  8    God:    Wu Jian [*****.]
Gold:   1739       SH: 11    Dex:  9    Spells: 13/13 levels left

rFire   + . .      SeeInvis .      - Unarmed
rCold   . . .      Faith    .    b - +0 kite shield
rNeg    . . .      Spirit   .    T - +2 swamp dragon scales
rPois   +          Reflect  .    (helmet restricted)
rElec   +          Rampage  .    s - +1 cloak {rCorr}
rCorr   +                        (gloves unavailable)
Will    ++...                    (boots unavailable) Stlth
                                 O - amulet of Uhargh {rElec rF+ Regen+}
HPRegen 2.04/turn                E - +5 ring of evasion
MPRegen 0.18/turn                U - ring of the Heavens {Will+ MP+9}

@: no status effects
A: large, unfitting armour, claws 3, regeneration 1, shaggy fur 1, tough skin 1
a: Renounce Religion, Wall Jump, Serpent's Lash, Heavenly Storm


You were on level 12 of the Dungeon.
You worshipped Wu Jian.
Wu Jian was extremely pleased with you.
You visited 3 branches of the dungeon, and saw 18 of its levels.
You also visited: Sewer, Bailey and Ice Cave.

You collected 2001 gold pieces.
You spent 262 gold pieces at shops.

Inventory:

Missiles
 e - 61 poisoned darts (quivered)
 j - 2 javelins
 o - 2 datura-tipped darts
 A - 9 large rocks
 Q - 6 boomerangs
Armour
 b - a +0 kite shield (worn)
 s - a +1 cloak of preservation (worn)
 T - +2 swamp dragon scales (worn)
Jewellery
 f - a ring of protection from fire
 C - a +6 ring of intelligence
 E - a +5 ring of evasion (left claw)
 F - the ring of the Stallion {Fire rN+ Str+6 Stlth-}
   (You found it in an ice cave)

   [ring of fire]

   It enhances your fire magic.
   Str:       It affects your strength (+6).
   rF:        It protects you from fire.
   rC:        It makes you vulnerable to cold.
   rN:        It protects you from negative energy.
   Stlth:     It makes you less stealthy.
 K - an amulet of reflection
 M - a +6 ring of intelligence
 N - a ring of positive energy
 O - the amulet of Uhargh (around neck) {rElec rF+ Regen+}
   (You found it in an ice cave)

   [amulet of regeneration]

   rF:        It protects you from fire.
   rElec:     It insulates you from electricity.
   Regen:     It increases your rate of health regeneration.
 U - the ring of the Heavens (right claw) {Will+ MP+9}
   (You found it in a bailey)

   [ring of willpower]

   MP:        It affects your magic capacity (+9).
   Will:      It increases your willpower.
Wands
 c - a wand of polymorph (11)
 h - a wand of mindburst (4)
 m - a wand of digging (2)
 q - a wand of light (7)
 J - a wand of flame (19)
 S - a wand of paralysis (18)
Scrolls
 g - 9 scrolls of teleportation
 i - a scroll of identify
 n - 5 scrolls of poison
 r - 4 scrolls of vulnerability
 t - 3 scrolls of fog
 x - 8 scrolls of fear
 y - 7 scrolls of immolation
 z - a scroll of magic mapping
 B - a scroll of enchant armour
 H - a scroll of silence
 I - 3 scrolls of amnesia
 L - a scroll of blinking
 W - a scroll of butterflies
Potions
 a - a potion of haste {unknown}
 d - 3 potions of mutation
 k - 4 potions of brilliance
 l - 3 potions of invisibility
 p - 7 potions of heal wounds
 u - 5 potions of lignification
 v - 13 potions of curing
 w - 4 potions of magic
 D - 4 potions of cancellation
 G - 3 potions of attraction {unknown}
 P - 2 potions of resistance
 R - 2 potions of flight {unknown}
 X - 6 potions of might
 Y - 2 potions of degeneration {unknown}
Miscellaneous
 V - a phial of floods
 Z - a box of beasts


   Skills:
 + Level 10.7 Fighting
 - Level 4.0 Armour
 + Level 8.1 Dodging
 + Level 11.6 Shields
 * Level 16.1 Unarmed Combat


You had 13 spell levels left.
You didn't know any spells.
Your spell library contained the following spells:

 Spells                   Type           Power      Damage    Failure   Level
 Apportation              Tloc           0%         N/A       73%         1
 Freeze                   Ice            0%         1d3       73%         1
 Necrotise                Necr           0%         1d4       73%         1
 Summon Small Mammal      Summ           0%         N/A       73%         1
 Ensorcelled Hibernation  Hex/Ice        0%         N/A       86%         2
 Passwall                 Tmut/Erth      0%         N/A       86%         2
 Call Canine Familiar     Summ           0%         N/A       97%         3
 Dazzling Flash           Conj/Hex       0%         N/A       97%         3
 Frozen Ramparts          Ice            0%         1d1       97%         3
 Hailstorm                Conj/Ice       0%         3d3       97%         3
 Ignite Poison            Fire/Tmut/Pois 0%         N/A       97%         3
 Kindle Blastsparks       Fire/Tloc/Air  0%         2d10      97%         3
 Stone Arrow              Conj/Erth      0%         3d7       97%         3
 Summon Guardian Golem    Hex/Summ       0%         N/A       97%         3
 Swiftness                Air            0%         N/A       97%         3
 Vhi's Electric Charge    Tloc/Air       0%         N/A       97%         3
 Anguish                  Hex/Necr       0%         N/A       100%        4
 Animate Armour           Summ/Erth      0%         N/A       100%        4
 Iskenderun's Mystic Bla  Conj/Tloc      0%         2d3       100%        4
 Passage of Golubria      Tloc           0%         N/A       100%        4
 Petrify                  Tmut/Erth      0%         N/A       100%        4
 Summon Ice Beast         Ice/Summ       0%         N/A       100%        4
 Blade Hands              Tmut           0%         N/A       100%        5
 Freezing Cloud           Conj/Ice/Air   0%         6-21      100%        5
 Metabolic Englaciation   Hex/Ice        0%         N/A       100%        5
 Silence                  Hex/Air        0%         N/A       100%        5
 Summon Mana Viper        Hex/Summ       0%         N/A       100%        5
 Iron Shot                Conj/Erth      0%         9d1       100%        6
 Simulacrum               Ice/Necr       0%         N/A       100%        6
 Starburst                Conj/Fire      0%         6d3       100%        6
 Statue Form              Tmut/Erth      0%         N/A       100%        6
 Enfeeble                 Hex            0%         N/A       100%        7
 Monstrous Menagerie      Summ           0%         N/A       100%        7
 Lehudib's Crystal Spear  Conj/Erth      0%         10d2      100%        8
 Maxwell's Capacitive Co  Air            0%         ∞         100%        8
 Chain Lightning          Conj/Air       0%         N/A       100%        9
 Polar Vortex             Ice            0%         N/A       100%        9


Dungeon Overview and Level Annotations

Branches:
Dungeon (12/15)            Temple (1/1) D:6            Lair (5/5) D:8
  Swamp (0/4) Lair:2        Snake (0/4) Lair:2        Slime (0/5) Lair:5
    Orc (0/2) D:12          Sewer (visited)          Bailey (visited)
  IceCv (visited)

Altars:
Ashenzari
Cheibriados
Dithmenos
Elyvilon
Fedhas
Gozag
Hepliaklqana
Kikubaaqudgha
Makhleb
Okawaru
Qazlal
Ru
Sif Muna
Trog
Uskayaw
Vehumet
Wu Jian
Xom
Yredelemnul
Zin
The Shining One
Jiyva

Shops:
D:11 ?*

Annotations:
D:12 2 runed translucent doors, arandomgamer's ghost, journeyman HOBe
Lair:1 exclusion: downstairs
Lair:2 death yaks


Innate Abilities, Weirdness & Mutations

You are too large for most types of armour.
You have claws for hands.
Your natural rate of healing is unusually fast.
You are covered in fur. (AC +1)
You have tough skin. (AC +1)


Message History

There is a stone staircase leading up here.
There is a stone staircase leading down here.
You climb downwards.
There is a stone staircase leading up here.
There is a stone staircase leading down here.
You climb downwards.
Level annotation: 2 runed translucent doors, arandomgamer's ghost, journeyman HOBe
There is a stone staircase leading up here.
Found a stone staircase leading down.
You pick up a book of Spectacle and begin reading...
You add the spells Dazzling Flash, Iskenderun's Mystic Blast and Starburst to your library.
There is a stone staircase leading down here.
You open the door.
Found a dagger.
A wraith comes into view.
Found a chain mail.
There is an open door here.
You lunge at the wraith, in a flurry of attacks.
You eviscerate the wraith!!!
You destroy the wraith!
The Council accepts your kill.
There is an open door here.
You open the door.
There is an open door here.
You open the door.
There is an open door here.
You enter the shallow water.
A water elemental comes into view.
A water elemental comes into view.
You block the water elemental's attack.
You eviscerate the water elemental!!!
The water elemental is almost destroyed.
You mangle the water elemental!!
You destroy the water elemental!
The Council accepts your kill.
Found a glimmering quarterstaff.
You enter the shallow water.
You lunge at the water elemental, in a flurry of attacks.
You barely miss the water elemental. You mangle the water elemental!!
The water elemental is heavily damaged.
The water elemental closely misses you.
You mangle the water elemental!!
You destroy the water elemental!
The Council accepts your kill.
Found a stone staircase leading up.
You see here the +6 quarterstaff of Integrity {venom, rC+++ Will++ rCorr Str-2}.
You enter the shallow water.
You open the door.
There is an open door here.
You open the door.
A slime creature comes into view.
A slime creature is nearby!
There is an open door here.
You lunge at the slime creature.
You mangle the slime creature!!
The slime creature is heavily wounded.
The slime creature hits you but does no damage.
You claw the slime creature!
The slime creature is severely wounded.
The slime creature hits you.
A slime creature comes into view.
You claw the slime creature!
The slime creature is severely wounded.
You block the slime creature's attack.
A slime creature comes into view.
You mangle the slime creature!!
You kill the slime creature!
The Council accepts your kill.
You lunge at the slime creature.
You mangle the slime creature!!
The slime creature is moderately wounded.
The slime creature hits you but does no damage.
Two slime creatures merge to form a large slime creature.
You eviscerate the large slime creature!!!
The large slime creature is heavily wounded.
You scratch the large slime creature.
The large slime creature is heavily wounded.
A slime creature comes into view.
You mangle the large slime creature!!
The large slime creature is severely wounded.
Two slime creatures merge to form a very large slime creature.
You claw the very large slime creature!
The very large slime creature is severely wounded.
A slime creature comes into view.
The very large slime creature misses you.
You eviscerate the very large slime creature!!!
The very large slime creature is almost dead.
You mangle the very large slime creature!!
The very large slime creature is almost dead.
Two slime creatures merge to form an enormous slime creature.
A slime creature comes into view.
You mangle the enormous slime creature!!
The enormous slime creature is almost dead.
Two slime creatures merge to form a titanic slime creature.
You mangle the titanic slime creature!!
The titanic slime creature is severely wounded.
The titanic slime creature hits you!!!
Unknown command.
The titanic slime creature attacks as you move away!
The titanic slime creature hits you!!!!
Ouch! That really hurt!
You die...

*,,,,,* ##≈≈~.~.~≈##
*,,,,,* ##≈~.~.≈##
*,,,,,* ##~.~.##
*,,**** ##### ##.~.#
*,,* #...# #.#.#
*,,********#...####.#.#
*,,,,,,,,,,+...'....#.#
*+******####...######.#
*,* *,........'@J..#.#
,,* *,#####...####.#.#
*,****,*,,,+...# *,#.#
*,,,,,,*,**#...# *,#.#
********,*,#.###
*,#.#** ,,,,,,,,,,,#.*
*,#..,* *,,*****,*,#.*
*,***,* *,,*****,*,*,*
*,* *,*
*,,,,,,,,*,*,******,*
*,*


You could see a titanic slime creature.

Vanquished Creatures
  Nessos (Lair:3)
  A white draconian (IceCv)
  A dire elephant (Lair:5)
  Fannar (Lair:3)
  2 fire dragons (Lair:5)
  4 hydras
  2 two-headed ogres
  2 boulder beetles
  6 death yaks
  2 skysharks
  2 lindwurms (Lair:5)
  A swamp dragon (Lair:5)
  A deep elf zephyrmancer (Bailey)
  An orc knight (Bailey)
  An oklob plant (Lair:2)
  A deep elf pyromancer (D:11)
  Pikel (D:5)
  A manticore (D:11)
  2 cyclopes
  A will-o-the-wisp (Lair:2)
  Maurice (D:8)
  3 black mambas
  2 ice statues (IceCv)
  An elephant (D:8)
  6 torpor snails
  Joseph (D:7)
  Maggie (D:10)
  A kobold demonologist (D:10)
  11 cane toads
  11 rime drakes
  An unseen horror zombie (D:8)
  13 komodo dragons
  4 trolls
  2 tyrant leeches (Lair:5)
  9 hornets
  A polar bear (Lair:2)
  8 blink frogs (Lair:3)
  A slime creature (D:12)
  Sigmund (D:5)
  2 water elementals (D:12)
  A vampire (D:12)
  2 wyverns
  8 basilisks
  3 wraiths
  26 yaks
  The ghost of NinjaNoafa the Caller, an amateur FeSu (D:6)
  5 steam dragons
  3 vampire mosquitoes (D:11)
  3 nagas (Lair:2)
  3 acid dragons
  19 water moccasins
  12 orc warriors
  A swamp drake (Lair:5)
  3 sky beasts
  A black bear (D:7)
  An ice beast (D:8)
  2 ogres (D:6)
  7 centaurs
  A hornet zombie (D:8)
  11 wolves
  2 phantoms (D:6)
  3 kobold brigands
  6 bullfrogs
  A necrophage (D:8)
  4 scorpions
  9 wights
  2 lindwurm simulacra (IceCv)
  9 killer bees
  3 electric eels (D:8)
  4 howler monkeys
  5 komodo dragon simulacra (IceCv)
  3 centaur zombies (D:8)
  A human zombie (D:8)
  2 hounds
  6 jellies
  7 orc priests
  A gnoll bouda (D:5)
  Jessica (D:3)
  Terence (D:2)
  Natasha (thrice) (D:2)
  4 iguanas
  7 orc wizards
  5 hell rats
  2 killer bee zombies (D:8)
  Robin (D:3)
  A howler monkey zombie (D:8)
  A mummy (D:8)
  10 gnolls
  9 acid dragon simulacra (IceCv)
  10 adders
  2 shadow imps (D:6)
  2 white imps
  3 ufetubi
  5 steam dragon simulacra (IceCv)
  2 dart slugs
  5 worms
  50 orcs
  11 ball pythons
  14 endoplasms
  8 giant cockroaches
  18 goblins
  9 hobgoblins
  4 jackals (D:5)
  8 quokkas
  2 bats
  11 frilled lizards
  26 kobolds
  10 rats
  A spectral orc (D:7)
  A butterfly (D:6)
542 creatures vanquished.

Vanquished Creatures (others)
  An orc wizard (D:9)
  3 orcs
  2 foxfires (Lair:2)
  19 fungi
  49 plants
74 creatures vanquished.

Grand Total: 616 creatures vanquished

Notes
Turn   | Place    | Note
-------+----------+-------------------------------------------
     0 | D:1      | GloriousHammer the Troll Fighter began the quest for the
                  | Orb.
     0 | D:1      | Reached XP level 1. HP: 22/22 MP: 0/0
   210 | D:1      | Reached XP level 2. HP: 24/29 MP: 1/1
   684 | D:2      | Noticed Natasha
   689 | D:2      | Killed Natasha
   690 | D:2      | Reached XP level 3. HP: 36/36 MP: 2/2
   774 | D:2      | Noticed Terence
   788 | D:2      | Killed Terence
   789 | D:2      | Reached skill level 3 in Unarmed Combat
   789 | D:2      | Reached XP level 4. HP: 31/45 MP: 3/3
   854 | D:2      | Noticed Natasha
   865 | D:2      | Killed Natasha
   950 | D:2      | Found a stormy altar of Qazlal.
  1054 | D:2      | Noticed Natasha
  1059 | D:2      | Killed Natasha
  1060 | D:2      | Reached XP level 5. HP: 52/53 MP: 4/4
  1873 | D:3      | Noticed Robin
  1875 | D:3      | Identified the +1 leather armour of the Sturgeon {rN+
                  | Regen+ Stlth-}
  1901 | D:3      | Killed Robin
  1964 | D:3      | Found a large runed translucent door.
  1964 | D:3      | Found a large runed translucent door.
  1968 | D:3      | Found a shimmering altar of Xom.
  2205 | D:3      | Noticed Jessica
  2209 | D:3      | Killed Jessica
  2753 | D:4      | Found a hazy altar of Hepliaklqana.
  2794 | D:4      | Reached skill level 4 in Unarmed Combat
  2794 | D:4      | Reached XP level 6. HP: 62/62 MP: 5/5
  2797 | D:4      | Found a glowing drain.
  2808 | Sewer    | Entered a sewer
  2923 | Sewer    | Found a viscous altar of Jiyva.
  3639 | D:4      | Identified the +1 sling of Pride {heavy, rC- rN+ Int+3
                  | SInv}
  3813 | D:5      | Entered Level 5 of the Dungeon
  3937 | D:5      | Reached XP level 7. HP: 71/71 MP: 6/6
  4014 | D:5      | Noticed Sigmund
  4039 | D:5      | Killed Sigmund
  4040 | D:5      | Reached skill level 5 in Shields
  4040 | D:5      | Reached skill level 5 in Unarmed Combat
  4311 | D:5      | Noticed Pikel
  4323 | D:5      | Killed Pikel
  4324 | D:5      | Reached skill level 5 in Fighting
  4324 | D:5      | Reached skill level 6 in Unarmed Combat
  4324 | D:5      | Reached XP level 8. HP: 72/81 MP: 5/7
  4771 | D:6      | Found a glowing golden altar of the Shining One.
  4969 | D:6      | Reached skill level 7 in Unarmed Combat
  5039 | D:6      | Reached XP level 9. HP: 89/89 MP: 8/8
  5154 | D:6      | Found a runed translucent gate.
  5154 | D:6      | Noticed NinjaNoafa's ghost (amateur FeSu)
  5189 | D:6      | Found a staircase to the Ecumenical Temple.
  5200 | Temple   | Entered the Ecumenical Temple
  5209 | Temple   | Became a worshipper of the Wu Jian Council
  5347 | D:6      | Reached skill level 8 in Unarmed Combat
  5395 | D:6      | Found a runed translucent gate.
  5395 | D:6      | Found a runed translucent gate.
  5770 | D:7      | Found an opulent altar of Gozag.
  5812 | D:7      | Noticed Joseph
  5832 | D:7      | Killed Joseph
  5879 | D:7      | Found a basalt altar of Yredelemnul.
  6015 | D:7      | Found a broken altar of Ashenzari.
  6018 | D:7      | Found a bloodstained altar of Trog.
  6043 | D:7      | Identified the +11 whip of the Shoals {drain, rC+++ Will-
                  | Int+4}
  6048 | D:7      | Reached skill level 9 in Unarmed Combat
  6323 | D:8      | Reached * piety under Wu Jian
  6520 | D:8      | Noticed Maurice
  6537 | D:8      | Reached XP level 10. HP: 100/102 MP: 9/9
  6611 | D:8      | Killed Maurice
  6711 | D:8      | Found a staircase to the Lair.
  6778 | D:8      | Reached skill level 10 in Unarmed Combat
  7060 | D:8      | Upgraded the game from 0.30-a0-965-g42e074c17a to
                  | 0.30-a0-972-gf3ab3527aa
  7065 | D:8      | Noticed an elephant
  7087 | D:8      | Killed an elephant
  7400 | D:8      | Reached ** piety under Wu Jian
  7411 | D:8      | Found an ancient bone altar of Kikubaaqudgha.
  7677 | D:8      | Found a shimmering blue altar of Sif Muna.
  8312 | D:9      | Reached skill level 11 in Unarmed Combat
  8695 | D:9      | Reached XP level 11. HP: 109/111 MP: 10/10
  9061 | D:10     | Entered Level 10 of the Dungeon
  9230 | D:10     | Reached *** piety under Wu Jian
  9297 | D:10     | Found a burning altar of Makhleb.
  9297 | D:10     | Noticed Maggie
  9306 | D:10     | Killed Maggie
  9350 | D:10     | Found a flagged portal.
  9362 | Bailey   | Entered a bailey
  9453 | Bailey   | Noticed an orc knight
  9485 | Bailey   | Killed an orc knight
  9758 | Bailey   | Found a large runed translucent door.
  9758 | Bailey   | Found a large runed translucent door.
  9759 | Bailey   | Noticed a deep elf zephyrmancer
  9854 | Bailey   | Killed a deep elf zephyrmancer
  9871 | Bailey   | Identified the ring of the Heavens {Will+ MP+9}
 10520 | D:10     | Noticed a two-headed ogre
 10526 | D:10     | Killed a two-headed ogre
 10526 | D:10     | Reached skill level 12 in Unarmed Combat
 10958 | Lair:1   | Entered Level 1 of the Lair of Beasts
 10958 | Lair:1   | Noticed a death yak
 10959 | Lair:1   | Noticed a death yak
 10961 | Lair:1   | Noticed a death yak
 10976 | D:8      | Killed a death yak
 11093 | D:8      | Killed a death yak
 11102 | D:8      | Killed a death yak
 11444 | Lair:1   | Reached skill level 5 in Dodging
 12027 | Lair:1   | Reached XP level 12. HP: 88/122 MP: 11/11
 12335 | Lair:1   | Reached skill level 1 in Armour
 12460 | Lair:2   | Found a staircase to the Swamp.
 12518 | Lair:2   | Reached skill level 13 in Unarmed Combat
 12587 | Lair:2   | Found a staircase to the Snake Pit.
 12943 | Lair:2   | Noticed a six-headed hydra
 12949 | Lair:2   | Killed a ten-headed hydra
 13131 | Lair:2   | Noticed a death yak
 13131 | Lair:2   | Noticed a death yak
 13291 | Lair:2   | Found a bloodstained altar of Trog.
 13543 | Lair:2   | Noticed a death yak
 13545 | Lair:2   | Noticed a death yak
 13547 | Lair:2   | Killed a death yak
 13563 | Lair:2   | Noticed a death yak
 13715 | Lair:2   | Reached skill level 10 in Shields
 13827 | Lair:3   | Noticed Fannar
 13849 | Lair:3   | Killed Fannar
 14801 | Lair:3   | Reached **** piety under Wu Jian
 15023 | Lair:3   | Noticed Nessos
 15033 | Lair:3   | Killed Nessos
 15034 | Lair:3   | Reached skill level 14 in Unarmed Combat
 15167 | Lair:4   | Reached XP level 13. HP: 121/131 MP: 12/12
 15863 | Lair:5   | Entered Level 5 of the Lair of Beasts
 16229 | Lair:5   | Found a staircase to the Slime Pits.
 16229 | Lair:5   | Found a viscous altar of Jiyva.
 16463 | Lair:5   | Noticed a fire dragon
 16490 | Lair:5   | Killed a fire dragon
 16792 | Lair:5   | Reached skill level 10 in Fighting
 16920 | Lair:5   | Noticed a dire elephant
 16931 | Lair:5   | Killed a dire elephant
 17009 | Lair:5   | Reached skill level 15 in Unarmed Combat
 17812 | Lair:5   | Found a runed translucent door.
 17813 | Lair:5   | Noticed a fire dragon
 18657 | Lair:5   | Killed a fire dragon
 18962 | D:11     | Reached XP level 14. HP: 140/144 MP: 13/13
 19224 | D:11     | Found Bilalim's Neck Hole.
 19251 | D:11     | Found Lingo's Magic Scroll Boutique.
 19273 | D:11     | Bought a scroll of silence for 142 gold pieces
 19273 | D:11     | Bought a scroll of butterflies for 60 gold pieces
 19273 | D:11     | Bought a scroll of identify for 30 gold pieces
 19273 | D:11     | Bought a scroll of identify for 30 gold pieces
 19723 | D:12     | Found a staircase to the Orcish Mines.
 19725 | D:12     | Reached ***** piety under Wu Jian
 19763 | D:12     | Found a frozen archway.
 19783 | IceCv    | Entered an ice cave
 20178 | IceCv    | Got the Parchment of Exhalation
 20634 | IceCv    | Reached skill level 16 in Unarmed Combat
 20716 | IceCv    | Identified the amulet of Uhargh {rElec rF+ Regen+}
 20736 | IceCv    | Identified the ring of the Stallion {Fire rN+ Str+6 Stlth-}
 20952 | D:12     | Found a large runed translucent door.
 20952 | D:12     | Found a large runed translucent door.
 20954 | D:12     | Noticed arandomgamer's ghost (journeyman HOBe)
 21592 | D:6      | Killed NinjaNoafa's ghost
 21611 | D:6      | Identified the +1 helmet "Opsaduha" {rF+ Will+ rCorr}
 22104 | D:12     | Identified the +6 quarterstaff of Integrity {venom, rC+++
                  | Will++ rCorr Str-2}
 22141 | D:12     | Slain by a titanic slime creature

Illustrated notes

Levels and vault maps discovered:
D:1:      lordsloth_arrival_two_stooges, layout_rooms, kennysheep_flooded_box
D:2:      layout_basic, basic_altar, serial_glass, glass_columns_b,
          glass_columns_a, due_unseen_surprise, minmay_strange_pillars,
          uniq_terence, uniq_natasha
D:3:      due_chaos_kobolds, layout_loops_ring,
          minmay_fractal_squares_diagonal_5, uniq_jessica, uniq_robin
D:4:      wander_river, layout_cave_pods, amcnicky_altar_gilded,
          gup_sewer_entry_bubbles
D:5:      layout_loops_ring, uniq_sigmund, uniq_pikel
D:6:      layout_basic, tso_metal_star, minmay_temple_entry_butterflies,
          biasface_ghost_orc_armoury
D:7:      layout_cave_pools, yredelemnul_forgotten_temple_becter,
          mainiacjoe_overflow_cross_hatched, nicolae_overflow_hidden_temple,
          chequers_serial_rivers_micro_e, uniq_joseph
D:8:      layout_layer_cave, lemuel_mausoleum_altar_kikubaaqudgha,
          nicolae_sif_muna_little_library, david_lair_generic,
          serial_bayou_ford_a, uniq_maurice
D:9:      layout_stronghold
D:10:     layout_stronghold, bloody_makhleb, enter_bailey_3, st_stairs_9,
          statue_in_the_mist_lemuel, uniq_maggie
D:11:     layout_loops_ring, serial_shops, kennysheep_little_box,
          nicolae_shop_sticking_my_neck_out
D:12:     layout_basic, david_orc_2, ebering_ghost_disaster_area,
          nicolae_trove_entry_columns, portal_ice_cave_rime,
          wad_floor_pattern_untrapped
Temple:   nicolae_temple_no_exploring_needed
Lair:1:   layout_chaotic_city, grunt_megastairs_3
Lair:2:   layout_hall_layers, minmay_swamp_entry_wisps,
          guppyfry_snake_entry_island, lemuel_oklob_altar
Lair:3:   layout_regular_city, uniq_nessos, uniq_fannar
Lair:4:   layout_roguey, grunt_megastairs_1
Lair:5:   wormcave, layout_cave_pods, guppyfry_lair_end_dragon, slime_entry_1,
          minmay_shattered_shrine

Skill      XL: |  1  2  3  4  5  6  7  8  9 10 11 12 13 14 |
---------------+-------------------------------------------+-----
Shields        | 3 4 6 7 8 9 10 11 | 11.6
Fighting       | 3 4 5 6 7 8 9 10 | 10.7
Unarmed Combat | 3 4 6 7 9 11 12 14 15 16 | 16.1
Dodging        | 3 5 6 7 8 |  8.1
Armour         | 3 4 |  4.0

Action                     |  1- 3 |  4- 6 |  7- 9 | 10-12 | 13-15 || total
---------------------------+-------+-------+-------+-------+-------++-------
  Melee: Unarmed           |    70 |   275 |   297 |   724 |   633 ||  1999
  Throw: Dart              |       |       |     3 |     4 |     5 ||    12
 Invoke: Serpent's Lash    |       |       |       |     9 |     9 ||    18
Ability: Lunge             |       |       |     7 |    38 |    53 ||    98
         Whirlwind         |       |       |       |   134 |   141 ||   275
  Evoke: Wand              |       |       |       |     9 |     6 ||    15
         Box of beasts     |       |       |       |       |     1 ||     1
    Use: Potion            |       |       |     1 |       |     2 ||     3
         Scroll            |       |       |     6 |     8 |    11 ||    25
   Stab: Invisible         |       |       |       |     2 |       ||     2
         Paralysed         |       |       |       |     2 |       ||     2
 Armour: Robe              |    29 |    39 |    52 |    50 |     9 ||   179
         Animal skin       |       |    33 |     8 |       |       ||    41
         Swamp dragon scal |       |       |       |    37 |   127 ||   164
  Dodge: Dodged            |    27 |   125 |   126 |   276 |   268 ||   822
  Block: Kite shield       |    21 |   102 |   123 |   248 |   250 ||   744

Table legend: (Time is in decaauts)
 A = Elapsed time spent in this place.
 B = Non-inter-level travel time spent in this place.
 C = Inter-level travel time spent in this place.
 D = Time resting spent in this place.
 E = Time spent auto-exploring this place.
 F = Levels seen in this place.
 G = Mean time per level.
                   A        B        C        D        E       F      G
               +--------+--------+--------+--------+--------+-----+--------+
         Total |  22071 |  20701 |   1370 |   4728 |  11222 |  21 | 1051.0 |
       Dungeon |  12666 |  11473 |   1193 |   1594 |   7239 |  12 | 1055.5 |
        Temple |     18 |     18 |      0 |      0 |      0 |   1 |   18.0 |
          Lair |   7534 |   7358 |    176 |   2316 |   3694 |   5 | 1506.8 |
         Sewer |    247 |    247 |      0 |      0 |     92 |   1 |  247.0 |
        Bailey |    559 |    559 |      0 |    257 |      0 |   1 |  559.0 |
      Ice Cave |   1045 |   1045 |      0 |    561 |    197 |   1 | 1045.0 |
               +--------+--------+--------+--------+--------+-----+--------+

Top non-repeatable levels by time:
  Lair:5: 2612 daAuts
     D:8: 2119 daAuts
     D:3: 1559 daAuts
  Lair:3: 1315 daAuts
     D:6: 1310 daAuts
    D:10: 1309 daAuts
  Lair:1: 1306 daAuts
  Lair:2: 1228 daAuts
     D:9: 1153 daAuts
  Lair:4: 1070 daAuts
   IceCv: 1045 daAuts
     D:4: 968 daAuts
    D:11: 835 daAuts
     D:5: 828 daAuts
     D:2: 823 daAuts
